 Dungeon Crawl Stone Soup version 0.30.0-30-g96aa6591b8 (webtiles) character file.

Game seed: 7506086078791746334

413 monsoonserge the Shooter (level 6, -13/30 HPs)
             Began as a Spriggan Hunter on June 27, 2023.
             Mangled by a mummy (17 damage)
             ... in an ossuary.
             The game lasted 00:10:13 (2224 turns).

monsoonserge the Shooter (Spriggan Hunter)          Turns: 2224, Time: 00:10:13

Health: -13/30     AC:  2    Str:  7    XL:     6   Next: 59%
Magic:  7/7        EV: 18    Int: 11    God:
Gold:   190        SH:  0    Dex: 20    Spells: 5/5 levels left

rFire   . . .        a - +0 shortbow
rCold   . . .        (shield currently unavailable)
rNeg    . . .        c - +0 robe
rPois   .            (helmet restricted)
rElec   .            (no cloak)
rCorr   .            (gloves unavailable)
SInv    +            (boots unavailable)
Will    +....        (no amulet)
Stlth   ++           o - ring of flight
HPRegen 0.25/turn    (no ring)
MPRegen 0.10/turn

%: no passive effects
@: flying, invisible, very quick
A: very small, no large weapons, unfitting armour, see invisible, speed 3
a: no special abilities


You were in an ossuary.
You visited 1 branch of the dungeon, and saw 4 of its levels.
You also visited: Ossuary.

You collected 190 gold pieces.

Inventory:

Hand Weapons
 a - a +0 shortbow (weapon)
 g - a +3 dagger
 j - a +0 sling
 s - a +2 short sword of protection
Missiles
 d - 4 poisoned darts
Armour
 c - a +0 robe (worn)
Jewellery
 m - a ring of fire
 o - a ring of flight (left hand)
 p - a ring of fire
Wands
 n - a wand of digging (5)
Scrolls
 b - a scroll of immolation
 f - 2 scrolls of teleportation {unknown}
 h - 5 scrolls of identify {unknown}
 k - 3 scrolls of noise {unknown}
 l - a scroll of poison {unknown}
 q - a scroll of enchant weapon {unknown}
 r - a scroll of enchant armour {unknown}
 t - a scroll of amnesia {unknown}
Potions
 i - a potion of resistance {unknown}


   Skills:
 + Level 2.1 Fighting
 * Level 7.6 Ranged Weapons
 + Level 3.2 Dodging
 + Level 1.7 Stealth


You had 5 spell levels left.
You didn't know any spells.
Your spell library was empty.

Dungeon Overview and Level Annotations

Branches:
Dungeon (4/15)            Ossuary (1/1)
 Temple: D:4-7

Altars:

Shops:
D:1 =


Innate Abilities, Weirdness & Mutations

You are very small and have problems with some larger weapons.
You are too small for most types of armour.
You have supernaturally acute eyesight. (SInv)
You cover ground extremely quickly. (Speed+++)


Message History

Press: ? - help, Q - select action, (/) - cycle Shift-Dir - straight line, f - mummy, p - mummy
Aim: a mummy (79% to hit)
Okay, then.
A mummy comes into view.
Fire: a) +0 shortbow
Press: ? - help, Q - select action, (/) - cycle Shift-Dir - straight line, f - mummy, p - mummy
Aim: a mummy (79% to hit)
You shoot an arrow.
The arrow hits the mummy but does no damage.
The kobold zombie closely misses you. The mummy closely misses you.
Okay, then.
You shoot an arrow. The arrow barely misses the mummy.
The arrow hits the orc zombie but does no damage.
The mummy barely misses you. The kobold zombie closely misses you.
Fire: a) +0 shortbow
Press: ? - help, Q - select action, (/) - cycle Shift-Dir - straight line, f/p - mummy
Aim: a mummy (79% to hit)
Okay, then.
You are flying.
Your flying speed is very quick.
Your attack delay is about 1.1.
Your damage rating with your +0 shortbow is about 13 (Base 9 x 125% (Dex) x 119% (Skill)).
You shoot an arrow. The arrow hits the mummy.
The mummy is moderately damaged.
The mummy closely misses you. The mummy hits you!
Ouch! That really hurt!
It was a potion of invisibility.
You fade into invisibility!
The kobold zombie misses you.
You shoot an arrow. The arrow barely misses the mummy.
The arrow hits the orc zombie!
The orc zombie is almost destroyed.
The kobold zombie barely misses you. The mummy completely misses you.
The mummy hits you!
* * * LOW HITPOINT WARNING * * *
Unknown command.
You shoot an arrow. The arrow hits the mummy.
The mummy is heavily damaged.
The kobold zombie misses you. The mummy hits you!
Ouch! That really hurt!
You die...

##############
...M.ZM@MMZ..##
....####ZZ....##
.... ##..##MMZ...#
....##....##M....#
............M....#
..........Z.M...##
..............##
#...Z...M##+#
##......##


You could see 8 mummies, a hobgoblin zombie (unable to see you), a gnoll zombie
(unable to see you), a kobold zombie (unable to see you) and 2 orc zombies.

Vanquished Creatures
  Sigmund (D:2)
  An orc priest (D:3)
  A hound (D:4)
  An orc wizard (D:3)
  8 adders
  2 worms (D:2)
  7 orcs
  6 ball pythons
  4 endoplasms (D:1)
  3 giant cockroaches (D:2)
  2 gnoll zombies
  15 hobgoblins
  6 jackals
  6 kobolds
  A quokka (D:3)
  2 bats (D:1)
  3 frilled lizards
  8 goblins
  A kobold zombie (Ossuary)
78 creatures vanquished.

Notes
Turn   | Place    | Note
-------+----------+-------------------------------------------
     0 | D:1      | monsoonserge the Spriggan Hunter began the quest for the
                  | Orb.
     0 | D:1      | Reached XP level 1. HP: 10/10 MP: 2/2
   268 | D:1      | Reached XP level 2. HP: 14/14 MP: 3/3
   486 | D:1      | Found Jiwysouf's Jewellery Shop.
   693 | D:2      | Reached XP level 3. HP: 18/18 MP: 4/4
   768 | D:2      | Reached skill level 5 in Ranged Weapons
   895 | D:2      | Noticed Sigmund
   931 | D:2      | Killed Sigmund
   932 | D:2      | Reached skill level 6 in Ranged Weapons
   932 | D:2      | Reached XP level 4. HP: 23/23 MP: 5/5
   932 | D:2      | Reached XP level 5. HP: 26/26 MP: 6/6
  1196 | D:2      | Reached skill level 7 in Ranged Weapons
  1469 | D:3      | Reached XP level 6. HP: 30/30 MP: 7/7
  2124 | D:4      | Found a sand-covered staircase.
  2180 | Ossuary  | Entered an ossuary
  2224 | Ossuary  | Mangled by a mummy

Illustrated notes

Levels and vault maps discovered:
D:1:      sevenhm_arrival_forest_fort_small_4, layout_loops_ring, serial_shops,
          shop
D:2:      cheibrodos_greedy_goblins, layout_loops_ring,
          hangedman_abyss_or_decor_lesser_grid, uniq_sigmund
D:3:      layout_rooms
D:4:      layout_basic, enter_ossuary_3, minivault_11, grunt_ministairs_8,
          hangedman_decor_growths, minmay_a_box_with_orc_wizards_in_it
Ossuary:  ossuary_tomb_3

Skill      XL: |  1  2  3  4  5 |
---------------+----------------+-----
Ranged Weapons | 6 7 |  7.6
Fighting       | 2 |  2.1
Dodging        | 3 |  3.2
Stealth        | |  1.7

Action                     |  1- 3 |  4- 6 || total
---------------------------+-------+-------++-------
   Fire: Shortbow          |    80 |   146 ||   226
    Use: Potion            |       |     1 ||     1
 Armour: Robe              |     2 |     4 ||     6
  Dodge: Dodged            |     8 |    38 ||    46
